 Dungeon Crawl Stone Soup version 0.30-b1-2-g02819fbbbe (webtiles) character file.

Game seed: 12022547200296494530

43 Arcadio the Trooper (level 3, -2/24 HPs)
             Began as a Gargoyle Cinder Acolyte on May 15, 2023.
             Was a High Priest of Ignis.
             Slain by Sigmund
             ... wielding a +1 scythe of venom
              (4 damage)
             ... on level 2 of the Dungeon.
             The game lasted 00:01:40 (1248 turns).

Arcadio the Trooper (Gargoyle Cinder Acolyte)       Turns: 1248, Time: 00:01:41

Health: -2/24      AC:  5    Str: 19    XL:     3   Next: 58%
Magic:  4/4        EV: 11    Int: 14    God:    Ignis [*****.]
Gold:   74         SH:  0    Dex:  5    Spells: 4/4 levels left

rFire   + . .        g - +2 dagger (venom)
rCold   . . .        (no shield)
rNeg    + . .        b - +0 robe
rPois   ∞            (no helmet)
rElec   +            (no cloak)
rCorr   .            (no gloves)
SInv    .            (no boots)
Will    .....        (no amulet)
Stlth   +            (no ring)
HPRegen 0.24/turn    (no ring)
MPRegen 0.09/turn

%: no passive effects
@: no status effects
A: sickness immunity, AC +3, negative energy resistance 1, electricity
resistance, torment resistance 1, petrification resistance
a: Renounce Religion, Fiery Armour, Foxfire Swarm, Rising Flame


You were on level 2 of the Dungeon.
You worshipped Ignis.
Ignis was extremely pleased with you.
You visited 1 branch of the dungeon, and saw 2 of its levels.

You collected 74 gold pieces.

Inventory:

Hand Weapons
 a - a -1 mace of flaming
 g - a +2 dagger of venom (weapon)
Armour
 b - a +0 robe (worn)
Scrolls
 f - a scroll of poison {unknown}
 h - a scroll of blinking {unknown}
Potions
 c - a potion of lignification {unknown}
 d - a potion of haste
 e - a potion of might


   Skills:
 + Level 3.9 Fighting
 + Level 3.5 Maces & Flails
 + Level 1.8 Armour
 - Level 1.0 Spellcasting
 - Level 3.0 Fire Magic


You had 4 spell levels left.
You didn't know any spells.
Your spell library contained the following spells:

 Spells                   Type           Power      Damage    Failure   Level
 Scorch                   Fire           18%        2d5       12%         2
 Flame Wave               Conj/Fire      4%         2d5       80%         4
 Summon Cactus Giant      Summ           0%         N/A       100%        6


Dungeon Overview and Level Annotations

Branches:
Dungeon (2/15) Zot: 10739

Altars:

Annotations:
D:2 Sigmund


Innate Abilities, Weirdness & Mutations

You are immune to sickness and miasma.
Your stone body is resilient. (AC +3)
You are immune to poison.
You resist negative energy. (rN+)
You are resistant to electric shocks. (rElec)
You are resistant to unholy torment.
You are immune to petrification.


Message History

The rat barely misses you.
You closely miss the rat. The rat barely misses you.
You hit the rat.
You kill the rat!
You see here a rat corpse.
You pick up a book of Scorching and begin reading...
You add the spells Flame Wave and Summon Cactus Giant to your library.
An endoplasm comes into view.
The endoplasm freezes you.
You are frozen.
You hit the endoplasm.
The endoplasm is moderately wounded.
The endoplasm barely misses you.
You hit the endoplasm.
The endoplasm is almost dead.
The endoplasm freezes you.
You are frozen.
You hit the endoplasm but do no damage.
The endoplasm is almost dead.
The endoplasm hits you.
You hit the endoplasm.
You kill the endoplasm!
You see here a +0 leather armour.
You see here a +0 ring mail.
You open the door.
There is an open door here.
Sigmund the Dreaded comes into view.
He is wielding a +1 scythe of venom and carrying a wand of polymorph (3).
Sigmund shouts!
Sigmund casts a spell at you. The magic dart hits you!
Sigmund casts a spell at you. The magic dart hits you.
Sigmund hits you with a +1 scythe of venom!
* * * LOW HITPOINT WARNING * * *
You hit Sigmund.
Sigmund is poisoned.
Sigmund is lightly wounded.
You hit Sigmund.
Sigmund looks as sick as possible!
Sigmund is moderately wounded.
Sigmund hits you with a +1 scythe of venom.
You die...

### ...
#.# #.#
#.# #@#
#@#
#.########
#........#
########.#
#.# #.#
#.# #.#
#.#


You could see Sigmund (extremely poisoned).

Vanquished Creatures
  An adder (D:2)
  A dart slug (D:2)
  5 ball pythons (D:1)
  3 endoplasms
  2 goblins (D:1)
  A hobgoblin (D:1)
  4 jackals (D:2)
  A kobold (D:1)
  2 quokkas (D:1)
  4 bats
  6 rats
30 creatures vanquished.

Notes
Turn   | Place    | Note
-------+----------+-------------------------------------------
     0 | D:1      | Arcadio the Gargoyle Cinder Acolyte began the quest for the
                  | Orb.
     0 | D:1      | Reached XP level 1. HP: 14/14 MP: 2/2
   257 | D:1      | Reached XP level 2. HP: 19/19 MP: 3/3
   296 | D:1      | Reached skill level 1 in Armour
   963 | D:2      | Reached XP level 3. HP: 24/24 MP: 4/4
  1243 | D:2      | Noticed Sigmund
  1246 | D:2      | HP: 1/24 [Sigmund/+1 scythe of venom (10)]
  1248 | D:2      | Slain by Sigmund

Illustrated notes

Levels and vault maps discovered:
D:1:      ncdulo_lavacross, layout_basic, st_stairs_3
D:2:      layout_basic, basic_altar, minmay_pentomino_w2, uniq_sigmund

Skill      XL: |  1  2 |
---------------+-------+-----
Armour         | 1 |  1.8
Fighting       | |  3.9
Maces & Flails | |  3.5
Spellcasting   | |  1.0
Fire Magic     | |  3.0

Action                     || total
---------------------------++-------
  Melee: Mace              ||    49
         Dagger            ||    41
         Punch             ||     1
    Use: Scroll            ||     2
 Armour: Robe              ||    26
  Dodge: Dodged            ||    59
